Cogmind - Beta 13 *** ADVENTURER MODE // 2024.04.08 @ 02:31:52 Player: brx Result: Destroyed by S-10 Pest with Light Assault Rifle Performance ------------- Evolutions (1) 500 Regions Visited (3) 600 Robots Destroyed (22) 110 Value Destroyed (578) 578 Prototype IDs (1) 20 Alien Tech Used (0) 0 Bonus (0) 0 TOTAL SCORE: 1808 Bonus ------- None Cogmind --------- Core Integrity 0/400 Matter 254/300 Energy 90/100 System Corruption 0% Temperature Cool (66) Movement Flying (40) Location -9/Storage Parts ------- > --- POWER (2) -------- (None) > --- PROPULSION (3) --- Improved Flight Unit > --- UTILITY (2) ------ (None) > --- WEAPON (2) ------- Beam Rifle > --- INVENTORY (5) ---- Hardened Light Armor Plating High-powered Tractor Beam Field Recycling Unit (0) Spread Laser Grenade Launcher Peak State ------------ > --- POWER ------------ Light Ion Engine > --- PROPULSION ------- Improved Treads Hover Unit Improved Hover Unit > --- UTILITY ---------- Sensor Array Hardened Medium Armor Plating > --- WEAPON ----------- EM Pulse Gun Heavy Particle Cannon > --- INVENTORY -------- Improved Treads Improved Treads Improved Heat Sink Assault Rifle Katana [Rating: 15] Favorites ----------- Power Light Ion Engine Engine Light Ion Engine Propulsion VTOL Module Treads Improved Treads Hover Unit Hover Unit Flight Unit VTOL Module Utility Tractor Beam Device Tractor Beam Protection Hardened Medium Armor Plating Weapon Assault Rifle Energy Gun EM Pulse Gun Energy Cannon Beam Cannon Ballistic Gun Assault Rifle Slashing Weapon Katana Build | -11 -10 -9 -9 ------- Run | Yrd Mat Mat Sto Slots Evolved 2 | . . 2 . Power 1 | . . 1 . Propulsion 1 | . . 1 . Utility . | . . . . Weapon . | . . . . Parts Attached 37 | . 7 24 6 Power 2 | . 1 1 . Engine 2 | . 1 1 . Core . | . . . . Reactor . | . . . . Propulsion 14 | . 1 11 2 Treads 5 | . . 5 . Leg . | . . . . Wheel . | . . . . Hover 3 | . 1 2 . Flight 6 | . . 4 2 Utility 9 | . 2 6 1 Device 8 | . 2 5 1 Storage . | . . . . Processor . | . . . . Hackware . | . . . . Protection 1 | . . 1 . Artifact . | . . . . Weapon 12 | . 3 6 3 Energy Gun 6 | . 2 1 3 Energy Cannon 3 | . . 3 . Ballistic Gun 2 | . 1 1 . Ballistic Cannon . | . . . . Launcher . | . . . . Special Weapon . | . . . . Impact Weapon . | . . . . Slashing Weapon 1 | . . 1 . Piercing Weapon . | . . . . Special Melee Weapon . | . . . . Unidentified Prototypes 1 | . . 1 . Parts Lost 18 | . . 12 6 Power 2 | . . 2 . Propulsion 6 | . . 4 2 Utility 6 | . . 4 2 Weapon 4 | . . 2 2 Highest Loss Streak 6 | . . 6 4 To Critical Strikes . | . . . . Average Slot Usage (%) 61 | . 50 70 61 Engine 8 | . 12 7 . Treads 4 | . . 8 . Hover 4 | . 1 8 . Flight 7 | . . 8 22 Device 13 | . 15 9 17 Protection 2 | . . 6 . Energy Gun 6 | . 8 4 8 Energy Cannon 5 | . . 7 12 Ballistic Gun 7 | . 12 6 . Naked Turns 58 | . 58 . . Heaviest Build 20 | . 9 20 8 Greatest Support 69 | 3 6 69 9 Greatest Overweight (x) 2 | . 2 2 1 Average Overweight (x) . | . 1 . . Largest Inventory Capacity 5 | 5 5 5 5 Average Capacity 5 | 5 5 5 5 Most Carried 5 | 5 5 5 5 Average Carried 3 | 3 3 4 4 Final Capacity 5 | 5 5 5 5 Final Carried 5 | 5 2 5 5 Class Distribution -------------------- 83% | Mutant 16% | Sprinter Dominant Class ---------------- Mutant | -10/Materials Mutant | -9/Materials Mutant | -9/Storage Resources | -11 -10 -9 -9 ----------- Run | Yrd Mat Mat Sto Matter Collected 610 | 200 120 290 . Remotely 120 | . 120 . . Salvage Created 895 | . 153 653 89 Parts 53 | . 14 34 5 Haulers Intercepted . | . . . . Recyclers Shooed . | . . . . Parts Field Recycled . | . . . . Retrieved Matter . | . . . . Parts Self-Destructed . | . . . . Prevented . | . . . . Kills | -11 -10 -9 -9 ------- Run | Yrd Mat Mat Sto Combat Hostiles Destroyed 17 | . 2 13 2 Melee 1 | . . 1 . Guns 9 | . 2 7 . Cannons 7 | . . 5 2 Classes Destroyed 6 | . 3 3 . Worker 1 | . 1 . . Builder 1 | . 1 . . Recycler 3 | . . 3 . Swarmer 3 | . . 3 . Grunt 12 | . 2 9 1 Sentry 2 | . . 1 1 Best Kill Streak 4 | . 3 4 1 Combat Bots Only 3 | . 2 3 1 Max Kills in Single Turn 1 | . 1 1 1 Gunslinging . | . . . . Exploded . | . . . . Melee 1 | . . 1 . Uniques/NPCs Destroyed . | . . . . Combat | -11 -10 -9 -9 -------- Run | Yrd Mat Mat Sto Hostile Shots Fired 317 | . 16 244 57 Missed 111 | . 4 85 22 Damage Taken 1893 | . 120 1444 329 Core 457 | . 51 272 134 Absorbed by Shields . | . . . . Ignored by Resistances 579 | . 36 444 99 Regen/Repaired (Parts) 35 | . 21 . 14 Core Remaining (%) 89 | 100 79 . . Volleys Fired 59 | . 10 41 8 Largest 2 | . 2 2 2 Hottest 120 | . 60 120 116 Shots Fired 97 | . 20 61 16 Gun 55 | . 20 27 8 Cannon 42 | . . 34 8 Launcher . | . . . . Special . | . . . . Kinetic 32 | . 10 22 . Thermal 46 | . . 34 12 Explosive . | . . . . Electromagnetic 19 | . 10 5 4 Robot Hit Streak 19 | . 13 18 19 Robot Miss Streak 3 | . 1 3 1 Penetration Max . | . . . . Secondary Targets . | . . . . Shots Hit Robots 73 | . 16 44 13 Core Hits 33 | . 7 22 4 Critical Kills . | . . . . Critical Parts Destroyed . | . . . . Critical Strikes . | . . . . Melee Attacks 2 | . . 2 . Impact . | . . . . Slashing 2 | . . 2 . Piercing . | . . . . Sneak Attacks 2 | . . 2 . Combat Hostiles . | . . . . Follow-up Attacks . | . . . . Damage Inflicted 1257 | . 211 848 198 Guns 528 | . 211 240 77 Cannons 581 | . . 460 121 Explosions 25 | . . 25 . Melee 122 | . . 122 . Ramming 1 | . . 1 . Kinetic 334 | . 134 200 . Thermal 642 | . . 485 157 Explosive . | . . . . Electromagnetic 158 | . 77 40 41 Impact . | . . . . Slashing 122 | . . 122 . Piercing . | . . . . Highest Corruption . | . . . . Average Corruption . | . . . . Corruption Purged . | . . . . Corruption Blocked . | . . . . Overload Shots . | . . . . Overflow Damage 36 | . . 36 . Projectiles . | . . . . Explosions . | . . . . Melee 36 | . . 36 . Knockbacks . | . . . . Impact . | . . . . Kinetic . | . . . . Secondary . | . . . . Self-Inflicted Damage 27 | . . 27 . Shots 1 | . . 1 . Rammed 1 | . . 1 . Targets Rammed 1 | . . 1 . Kicked . | . . . . Crushed . | . . . . Highest Temperature 196 | . 42 196 117 Average Temperature 47 | . 24 55 42 Received Heat Transfer 1056 | . 90 771 195 Siege Activations . | . . . . Robots Corrupted . | . . . . Combat Hostiles . | . . . . Parts Fried . | . . . . Impact Corruptions . | . . . . Robots Melted . | . . . . Combat Hostiles . | . . . . Parts Melted 2 | . . 2 . Heat Transferred 1247 | . . 901 346 Parts Sabotaged . | . . . . Parts Stolen . | . . . . Parts Stripped . | . . . . Power Chain Reactions 1 | . . 1 . Alert | -11 -10 -9 -9 ------- Run | Yrd Mat Mat Sto Peak Influence 222 | . 75 222 161 Initial 29 | . . . 29 Average 52 | . 39 66 56 Maximum Alert Level 1 | . . 1 . Low Security (%) 96 | 100 100 90 100 Level 1 3 | . . 9 . Level 2 . | . . . . Level 3 . | . . . . Level 4 . | . . . . Level 5 . | . . . . High Security . | . . . . Max Security . | . . . . Squads Dispatched 4 | . . 2 2 Investigation 1 | . . 1 . Extermination . | . . . . Reinforcement 2 | . . 1 1 Assault . | . . . . Garrison 1 | . . . 1 Intercept . | . . . . Searches Triggered . | . . . . Construction Impeded . | . . . . Haulers Reinforced . | . . . . Active Scanning Responses . | . . . . Cargo Convoy Interrupts . | . . . . Stealth | -11 -10 -9 -9 --------- Run | Yrd Mat Mat Sto Distress Signals 3 | . . 2 1 Communications Jammed . | . . . . Distress Signals . | . . . . Times Spotted 42 | . 5 24 13 Peak Tracking Total 8 | . 2 8 8 Tactical Retreats 4 | . 1 1 2 Traps | -11 -10 -9 -9 ------- Run | Yrd Mat Mat Sto Traps Triggered . | . . . . Indirectly . | . . . . Trap Hack Attempts . | . . . . Triggered . | . . . . Disarmed . | . . . . Reprogrammed . | . . . . Reused . | . . . . Traps Extracted . | . . . . Installed . | . . . . Triggered . | . . . . Machines | -11 -10 -9 -9 ---------- Run | Yrd Mat Mat Sto Machines Disabled . | . . . . Max in Single Turn . | . . . . Machines Repaired . | . . . . Machines Dismantled . | . . . . Machines Sabotaged . | . . . . Overloaded Fab Kills . | . . . . Hacking | -11 -10 -9 -9 --------- Run | Yrd Mat Mat Sto Machines Accessed 11 | . 3 4 4 Terminals 6 | . 1 3 2 Fabricators . | . . . . Repair Stations 2 | . 1 . 1 Recycling Units 3 | . 1 1 1 Scanalyzers . | . . . . Garrison Access . | . . . . Total Hacks 27 | . 9 9 9 Successful 18 | . 6 7 5 Failed 9 | . 3 2 4 Catastrophic . | . . . . Database Lockouts . | . . . . Manual . | . . . . Terminals 14 | . 3 6 5 Fabricators . | . . . . Repair Stations 6 | . 4 . 2 Recycling Units 7 | . 2 3 2 Scanalyzers . | . . . . Garrison Access . | . . . . Terminal Hacks 6 | . 1 4 1 Record 4 | . 1 3 . Alert Level 1 | . . 1 . Maintenance Status 1 | . . . 1 Fabricator Hacks . | . . . . Repair Station Hacks 5 | . 3 . 2 Scan Component 3 | . 2 . 1 Repair 2 | . 1 . 1 Recycling Unit Hacks 7 | . 2 3 2 Recycle Component 2 | . 2 . . Process 2 | . . 1 1 Report Inventory 1 | . . 1 . Retrieve Components 2 | . . 1 1 Scanalyzer . | . . . . Garrison Access Hacks . | . . . . Unauthorized Hacks . | . . . . Terminals . | . . . . Fabricators . | . . . . Repair Stations . | . . . . Recycling Units . | . . . . Scanalyzers . | . . . . Garrison Access . | . . . . Data Cores Recovered . | . . . . Used . | . . . . Hacking Detections 6 | . 1 2 3 Full Trace Events 1 | . . 1 . Feedback Events . | . . . . Feedback Blocked . | . . . . Robot Schematics Acquired . | . . . . Robots Built . | . . . . Authchips . | . . . . Time . | . . . . Total Robot Build Rating . | . . . . Part Schematics Acquired . | . . . . Parts Built . | . . . . Authchips . | . . . . Time . | . . . . Total Part Build Rating . | . . . . Parts Repaired 2 | . 1 . 1 Time 77 | . 26 . 51 Parts Recycled 2 | . 2 . . Recycled Matter 112 | . . 112 . Retrieved Matter . | . . . . Retrieved Components 3 | . . . 3 Parts Scanalyzed . | . . . . Part Schematics Acquired . | . . . . Parts Damaged . | . . . . Bothacking | -11 -10 -9 -9 ------------ Run | Yrd Mat Mat Sto Used RIF Installer . | . . . . Robots Hacked . | . . . . Non-combat . | . . . . Combat . | . . . . Robot Hacks Applied . | . . . . Relay Couplers Released . | . . . . Fabnet Peak Effective % . | . . . . Robots Rewired . | . . . . Allies Hacked . | . . . . Hacks Repelled . | . . . . Allies | -11 -10 -9 -9 -------- Run | Yrd Mat Mat Sto Total Allies . | . . . . Largest Group . | . . . . Highest-Rated Group . | . . . . Highest-Rated Ally . | . . . . Total Orders . | . . . . Ally Attacks . | . . . . Total Damage . | . . . . Kills . | . . . . Allies Corrupted . | . . . . Allies Melted . | . . . . Intel | -11 -10 -9 -9 ------- Run | Yrd Mat Mat Sto Robot Analysis Total . | . . . . Derelict Logs Recovered . | . . . . Drone Launches . | . . . . Drone Recoveries . | . . . . Exploration | -11 -10 -9 -9 ------------- Run | Yrd Mat Mat Sto Turns Passed 1207 | 54 430 520 203 Spaces Moved 1122 | 81 356 396 289 Core 389 | 81 308 . . Treads 38 | . . 38 . Legs . | . . . . Wheels . | . . . . Hover 195 | . 48 147 . Flight 500 | . . 211 289 Fastest Speed 29 | 50 50 29 32 Average Speed 79 | 50 105 88 41 Slowest Speed 200 | 50 150 200 110 Overloaded Moves . | . . . . Propulsion Burnouts . | . . . . Robots Hopped 2 | . . . 2 Cave-ins Triggered . | . . . . Exploration Rate (%) 27 | 3 34 37 36 Regions Visited 3 Branch Regions 1 Pre-discovered Areas . | . . . . Known Exits Taken . | . . . . Unknown Exits Taken 3 | 1 1 1 . Scrap Searched . | . . . . Spaces Dug 1 | . . 1 . Terrain Destroyed 11 | . . 11 . Melee . | . . . . Projectile 8 | . . 8 . AOE 3 | . . 3 . Terrain Rammed . | . . . . Walls Destroyed . | . . . . Machines Disabled . | . . . . Actions | -11 -10 -9 -9 --------- Run | Yrd Mat Mat Sto Total 1339 | 93 392 501 353 Wait 58 | 8 6 . 44 Move 1115 | 80 355 395 285 Hop 2 | . . . 2 Pick Up 44 | 5 10 24 5 Fast Attach 4 | . . 3 1 Attach 22 | . 7 11 4 Detach 2 | . . 1 1 Swap 11 | . . 10 1 Drop 19 | . 4 13 2 Fire 59 | . 10 41 8 Melee 2 | . . 2 . Ram . | . . . . Kick . | . . . . Crush 1 | . . 1 . Escape Stasis . | . . . . Rewire . | . . . . Trap . | . . . . Miscellaneous . | . . . . Route ------- -11/Scrapyard -10/Materials -9/Materials (discovered 3 exits: [*Mat] / *Sto x2) -9/Storage History --------- Turn | Location | Event 30 | -11/Scrapyard | Discovered new exit (range 14) 55 | -11/Scrapyard | Entered Materials 312 | -10/Materials | Build established: Mutant 315 | -10/Materials | Discovered new exit (range 15) 399 | -10/Materials | Repaired EM Pulse Gun 485 | -10/Materials | Entered another Materials area 485 | -9/Materials | Evolved 2 slots: Power x1, Propulsion x1 675 | -9/Materials | Discovered new exit (range 5) 792 | -9/Materials | Lost 6 parts (1p3n1u1w) 866 | -9/Materials | Lost 3 parts (2u1w) 923 | -9/Materials | Core integrity fell below 50% 992 | -9/Materials | Discovered new exit (range 9) 993 | -9/Materials | Discovered new exit (range 15) 1005 | -9/Materials | Entered Storage 1010 | -9/Storage | Lost 3 parts (1p1n1u) 1093 | -9/Storage | Repaired Imp. Flight Unit 1122 | -9/Storage | Garrison activated, responded to threat 1138 | -9/Storage | Core integrity fell below 20% 1174 | -9/Storage | Lost 4 parts (2n1u1w) 1208 | -9/Storage | Destroyed by S-10 Pest with Light Assault Rifle Last Messages --------------- Connecting with Terminal... >>Enumerate(Maintenance) Found 20 registered maintenance bots. 9 Workers 5 Builders 2 Tunnelers 3 Recyclers 1 Mechanic Downloaded coordinate data. Y-45 Defender destroyed. Acquired Beam Rifle. Dropped Sml. Laser. Acquired Grenade Launcher. U-05 Engineer builds a Door. R-06 Scavenger collects Heat Sink. Heat Sink destroyed. Critical hit (Burn: +37). Beam Cannon destroyed. [Achievement: First Step to Greatness] [Achievement: Back For More] Map ----- +----------------------------------------------------+ | | | | | | | | | ?????????????????????????????????????????????? | | ?????????????????????????????????????????????? | | ?????????????????????????????????????????????? | | ?????????????????????????????????????????????? | | ?????????????????????????????????????????????? | | ?????????????????????????????????????????????? | | ?????????????????????????????????????????????? | | ?????????????????????????????????????????????? | | ????????????????????####?????????????????????? | | ????????????????????#"""?????????????????????? | | ???????????????????##"Y"######???????????????? | | ???????????????????# #???????????????? | | ???????????????????# #???????????????? | | ???????????????????# """ ==] #???????????????? | | ???????????????????# """ == [##??????????????? | | ???????????????????# """ =]=!%#??????????????? | | ????????????" ?????# ##??????????????? | | ?????????????" # ??# "T" #??????????????"? | | ?????????????" s ?# """ #????????????"""" | | ???????????????#s k#####+###############? """" | | ???????????????# s u Y # """" | | ???????????????# @ a / | | ???????????????# g #?????? | | ???????????????###########T########### #?????? | | ?????????????????????????###?????????# #?????? | | ?????????????????????????????????????# #?????? | | ?????????????????????????????????????# #?????? | | ?????????????????????????????????????# #?????? | | ?????????????????????????????????????# #?????? | | ?????????????????????????????????????# #?????? | | ?????????????????????????????????????# ####### | | ?????????????????????????????????????# | | ?????????????????????????????????????#+##+##+# | | ??????????????????????????????????????? # | | ?????????????????????????????????????# """# | | ?????????????????????????????????????# """# | | ?????????????????????????????????????# """# | | ?????????????????????????????????????#! # | | ?????????????????????????????????????######### | | ????????????????????????????????????????? | | ????????????????????????????????????????? | | ????????????????????????????????????????? | | ??????????????????????????????????????????#### | | ?????????????????????????????????????????????? | | ?????????????????????????????????????????????? | | ?????????????????????????????????????????????? | +----------------------------------------------------+ Best States ------------- Heat Dissipation 48 Energy Generation 10 Energy Capacity 125 Matter Stores 300 Matter Capacity 300 Sight Range 16 Robot Scan Range 14 Terrain Scan Density 10 Armor Coverage 225 Resistance: KI 20 Resistance: TH 20 Resistance: EX 20 Resistance: EM 20 Resistance: I 20 Resistance: S 20 Resistance: P 20 Evasion (%) 64 Recoil Reduction 3 Offensive Hacking 10 Item Schematics ----------------- None Robot Schematics ------------------ None Fabricated ------------ Nothing Alien Tech Used ----------------- None Achievements -------------- Back For More Crack Shot First Step to Greatness Fist Fight One Hack Too Far Part-time Mechanic Risk Taker Troublemaker Uninvited Guest Use The Force Challenges ------------ None Game ------ Seed VisualPrecisionSheargun Manual? 0 Play Time 00:47:46 Cumulative 26.2 hours Start 2024.04.08 @ 01:38:30 End 2024.04.08 @ 02:31:52 Sessions 3 Manual Loads 0 Difficulty Adventurer Special Mode None Game No. 57 Rogue 55 Adventurer 2 Explorer 0 Win Type - Total 0 Types 0/0/0/0/0/0/0/0/0 Lore% 2 Gallery% 20 Achievement% 3 Wizard Run 0 Options --------- Layout 2 ASCII 0 Keyboard 1 Movement Numpad Keybinds 0 Fullscreen 2 Font 24/Smallcaps Map View 50x44 Zoom Use 1% Tactical HUD 0 Map Filters NONE Filters NONE Steam 1 RUN: 17d294cc-7f20-4f83-a651-0f481e13320e